 Dungeon Crawl Stone Soup version 0.21.1-1-g345015fe64 (webtiles) character file.

0 Gargoyl the Skirmisher (level 1, -5/19 HPs)
             Began as a Centaur Abyssal Knight on Feb 8, 2018.
             Was a Follower of Lugonu.
             Slain by a large abomination (23 damage)
             ... summoned by a glowing orange brain
             ... on level 1 of the Abyss.
             The game lasted 00:01:37 (221 turns).

Gargoyl the Skirmisher (Centaur Abyssal Knight)      Turns: 221, Time: 00:01:38

Health: -5/19      AC:  4    Str: 14      XL:     1   Next: 0%
Magic:  2/2        EV:  9    Int:  9 (11) God:    Lugonu [*.....]
Gold:   12         SH:  0    Dex:  8      Spells: 0/0 levels left

rFire    . . .     SeeInvis .   a - +1 hand axe
rCold    . . .     Gourm    .   (no shield)
rNeg     . . .     Faith    .   b - +0 leather armour
rPois    .         Spirit   .   (no helmet)
rElec    .         Reflect  .   (no cloak)
rCorr    .         Harm     .   (no gloves)
MR       .....                  (no barding)
Stlth    ..........             (no amulet)
HPRegen  0.06/turn              (no ring)
MPRegen  0.08/turn              (no ring)

@: confused, very quick
A: large, hooves 3, deformed body, speed 2, tough skin 3
a: Depart the Abyss, Renounce Religion


You were on level 1 of the Abyss.
You worshipped Lugonu.
Lugonu was aware of your devotion.
You were not hungry.

You visited 0 branches of the dungeon, and saw 0 of its levels.
You visited the Abyss 1 time.

You collected 12 gold pieces.

Inventory:

Hand Weapons
 a - a +1 hand axe (weapon)
Armour
 b - a +0 leather armour (worn)
Potions
 d - a potion of curing
Comestibles
 c - a ration


   Skills:
 + Level 3.0 Fighting
 + Level 1.7 Axes
 + Level 1.3 Armour
 + Level 0.6 Dodging
 + Level 2.0 Invocations


You couldn't memorise any spells.
You didn't know any spells.

Dungeon Overview and Level Annotations

Branches:
Dungeon (0/15)

Altars:


Innate Abilities, Weirdness & Mutations

You have hooves in place of feet.
Armour fits poorly on your strangely shaped body.
You cover ground very quickly.
You have extremely tough skin. (AC +3)


Message History

Unknown command.
You bump into the stone wall.
A glowing orange brain is nearby!
You bump into the stone wall.
The glowing orange brain pulsates.
You are more confused.
You bump into the stone wall.
The glowing orange brain pulsates.
You barely miss the glowing orange brain.
You hit the large abomination but do no damage.
You closely miss the ancient zyme. The ancient zyme closely misses you.
The ancient zyme hits you.
You feel yourself growing ill in the presence of the ancient zyme.
The glowing orange brain looks sick.
You hit the glowing orange brain. You kick the glowing orange brain.
The glowing orange brain is lightly wounded.
You hit the ancient zyme but do no damage.
You hit the large abomination. The large abomination hits you!!
Ouch! That really hurt!
You die...

# # ....# ##. #.
...####........ # . .
. .. ..#..# . .# #
#...# .# #...
.####.###.## # #.
.#.#.##...#..# # . ##
## . #....#.### # .#.
. .. .#.. #....X...##
#.... .##
.####.###G@.#...##.#.#
. # . #?..x#.....#...
# .#.. ###......#.# #
# .# . #.#.....#..# ..
#.# #..#.#...### ## #
.#..#.##.#...# .# .#
#.##.#. #...## . #..
...##...#..# .. . .. #
###...##


You could see a glowing orange brain, an ancient zyme and a large abomination.

Vanquished Creatures (others)
  A lurking horror (Abyss:1)
  6 starspawn tentacles (Abyss:1)
7 creatures vanquished.

Notes
Turn   | Place    | Note
-------+----------+-------------------------------------------
     0 | Abyss:1  | Gargoyl the Centaur Abyssal Knight began the quest for the Orb.
     0 | Abyss:1  | Reached XP level 1. HP: 19/19 MP: 2/2
    62 | Abyss:1  | Found a corrupted altar of Lugonu.
    64 | Abyss:1  | Noticed a sea snake
    93 | Abyss:1  | Noticed a neqoxec
    94 | Abyss:1  | Noticed a chaos spawn
   103 | Abyss:1  | Found a bloodstained altar of Trog.
   117 | Abyss:1  | Noticed a tentacled starspawn
   118 | Abyss:1  | Noticed a raiju
   118 | Abyss:1  | Noticed a large abomination
   124 | Abyss:1  | Found a corrupted altar of Lugonu.
   124 | Abyss:1  | Noticed a large abomination
   174 | Abyss:1  | Noticed a glowing orange brain
   220 | Abyss:1  | Noticed an ancient zyme
   220 | Abyss:1  | Noticed a large abomination
   221 | Abyss:1  | Slain by a large abomination

Action                   || total
-------------------------++-------
Melee: Hand axe          ||     4
       Kick              ||     1
  Use: Potion            ||     1
Dodge: Dodged            ||     3
